 Dungeon Crawl Stone Soup version 0.30-a0-165-g1891117ce2 (webtiles) character file.

Game seed: 3873228774352854520

627 qw the Chopper (level 7, -1/44 HPs)
             Began as a Gargoyle Fighter on Sept 28, 2022.
             Slain by a gnoll
             ... wielding a +0 halberd
              (2 damage)
             ... on level 6 of the Dungeon.
             The game lasted 00:01:26 (3232 turns).

qw the Chopper (Gargoyle Fighter)                   Turns: 3232, Time: 00:01:26

Health: -1/44      AC: 11    Str: 19 (21) XL:     7   Next: 48%
Magic:  0/7        EV:  7    Int:  9      God:
Gold:   79         SH:  4    Dex:  8 (9)  Spells: 6/6 levels left

rFire   . . .      SeeInvis .    Y - +1 war axe (freeze)
rCold   + . .      Faith    .    c - +0 buckler
rNeg    + . .      Spirit   +    k - +0 chain mail
rPois   inf        Reflect  .    (no helmet)
rElec   +          Harm     .    (no cloak)
rCorr   .          Rampage  .    l - +0 pair of gloves
Will    .....                    (no boots)
Stlth   ..........               n - amulet of guardian spirit
HPRegen 0.14/turn                f - +4 ring of protection
MPRegen 0.10/turn                p - ring of protection from cold

@: corroded
A: sickness immunity, AC +4, negative energy resistance 1, electricity
resistance, torment resistance 1, petrification resistance
a: no special abilities


You were on level 6 of the Dungeon.
You visited 1 branch of the dungeon, and saw 6 of its levels.

You collected 177 gold pieces.
You spent 98 gold pieces at shops.


Innate Abilities, Weirdness & Mutations

You are immune to sickness and miasma.
Your stone body is resilient. (AC +4)
You are immune to poison.
You resist negative energy. (rN+)
You are resistant to electric shocks. (rElec)
You are resistant to unholy torment.
You are immune to petrification.


   Skills:
 + Level 4.4 Fighting
 - Level 7.0 Axes
 - Level 3.2 Armour
 - Level 3.2 Shields


You had 6 spell levels left.
You didn't know any spells.
Your spell library was empty.

Inventory:

Hand Weapons
 j - a +0 flail
 Y - a +1 war axe of freezing (weapon)
Missiles
 q - 3 boomerangs (quivered)
Armour
 c - a +0 buckler (worn)
 e - a +1 ring mail of fire resistance
 k - a +0 chain mail (worn)
 l - a +0 pair of gloves (worn)
Jewellery
 f - a +4 ring of protection (left hand)
 n - an amulet of guardian spirit (around neck)
 p - a ring of protection from cold (right hand)
Scrolls
 o - a scroll of identify
Potions
 b - a potion of mutation
 d - a potion of might
 g - a potion of haste
 h - a potion of lignification
 i - 3 potions of curing
 m - a potion of brilliance {unknown}

Dungeon Overview and Level Annotations

Branches:
Dungeon (6/15)
 Temple: D:4-7

Altars:
Gozag
Qazlal
Sif Muna
The Shining One

Shops:
D:3 [   D:4 *


Message History

The jelly is almost dead.
You barely miss the gnoll. The gnoll hits you but does no damage.
The gnoll misses you. The jelly hits you but does no damage.
You hit the jelly but do no damage. The acid corrodes you!
Your hands burn!
The jelly is almost dead.
You closely miss the gnoll. The gnoll barely misses you.
The jelly barely misses you. The gnoll hits you with a +0 flail.
You hit the jelly. You freeze the jelly.
You kill the jelly!
You closely miss the gnoll.
The gnoll hits you from afar with a +0 halberd!
The gnoll barely misses you. The gnoll hits you with a +0 flail.
The gnoll hits you but does no damage. The gnoll closely misses you.
You block the gnoll's attack.
You barely miss the gnoll.
The gnoll is almost dead.
The gnoll barely misses you. The gnoll hits you but does no damage.
You hit the gnoll. You freeze the gnoll.
You kill the gnoll!
You hit the phantom. The gnoll barely misses you. The phantom hits you.
The gnoll hits you but does no damage.
You closely miss the phantom.
The phantom is moderately damaged.
The gnoll hits you from afar with a +0 halberd!
The phantom hits you. The gnoll hits you but does no damage.
You closely miss the phantom.
The phantom is moderately damaged.
The gnoll barely misses you.
The phantom hits you but does no damage.
The gnoll barely misses you.
You hit the phantom but do no damage.
The phantom is moderately damaged.
The gnoll hits you but does no damage.
The gnoll hits you from afar with a +0 spear.
The phantom closely misses you.
The gnoll hits you from afar with a +0 halberd.
You die...

#....~.~.~.~.....#
#.._........._....
#....~.~.~.~g...#
#..~~~.~.~.~~~..#
#..~...~.~...~..#
#.~.~~~.~~~.~g.####
###..........W.g.....
#............@)#
#....<..####.........
#.......# #.#.##.###
######### ###... #
####


You could see a phantom and 3 gnolls.

Vanquished Creatures
  A water moccasin (D:4)
  3 scorpions
  A hound (D:5)
  A jelly (D:6)
  3 iguanas
  2 orc wizards (D:3)
  4 gnolls
  3 adders
  A dart slug (D:1)
  10 orcs
  6 bats
  4 endoplasms (D:2)
  3 giant cockroaches
  4 goblins
  7 hobgoblins
  10 jackals
  2 quokkas
  7 ball pythons
  3 frilled lizards
  5 kobolds
  8 rats
88 creatures vanquished.

Notes
Turn   | Place    | Note
-------+----------+-------------------------------------------
     0 | D:1      | qw the Gargoyle Fighter began the quest for the Orb.
     0 | D:1      | Reached XP level 1. HP: 14/14 MP: 1/1
     0 | D:1      | 0 ||| qw: Version: 0.2-a-12-gaebbb33
     0 | D:1      | 0 ||| qw: Game counter: 829
     0 | D:1      | 0 ||| qw: Always use a shield: true
     0 | D:1      | 0 ||| qw: God list: Okawaru
     0 | D:1      | 0 ||| qw: Allow faded altars: false
     0 | D:1      | 0 ||| qw: Do Orc after D:15 true
     0 | D:1      | 0 ||| qw: Do second Lair branch before Depths: true
     0 | D:1      | 0 ||| qw: Lair rune preference: random
     0 | D:1      | 0 ||| qw: Plans: Normal, Zot:1-4, God:TSO, Crypt, Tomb,
                  | Pan, Slime:5, Hells, Abyss, Orb
     0 | D:1      | 0 ||| PLANNING D:1-11
    80 | D:1      | Reached skill level 2 in Axes
    83 | D:1      | 83 ||| Stepping ~*~*~tactically~*~*~ (stealth).
    91 | D:1      | Reached XP level 2. HP: 14/19 MP: 2/2
   224 | D:1      | 224 ||| Stepping ~*~*~tactically~*~*~ (stealth).
   403 | D:1      | Reached skill level 3 in Axes
   439 | D:1      | 439 ||| DROPPING +0 club.
   475 | D:1      | Reached XP level 3. HP: 23/23 MP: 3/3
   552 | D:1      | 552 ||| Stepping ~*~*~tactically~*~*~ (hiding).
   851 | D:1      | 851 ||| READING scroll labelled JOSIYP MAPEMN.
   852 | D:1      | 852 ||| READING scroll labelled XAIFOA XUIN.
   853 | D:1      | 853 ||| READING scroll labelled ZUEXINOCAE.
  1264 | D:2      | Found a glowing golden altar of the Shining One.
  1498 | D:2      | Reached skill level 4 in Axes
  1498 | D:2      | Reached XP level 4. HP: 28/28 MP: 4/4
  1537 | D:2      | 1537 ||| UPGRADING to +1 ring mail of fire resistance.
  1547 | D:2      | 1547 ||| UPGRADING to +4 ring of protection.
  1548 | D:2      | 1548 ||| READING scroll labelled YNKIZUO VADA.
  1577 | D:3      | 1577 ||| Stepping ~*~*~tactically~*~*~ (hiding).
  1579 | D:3      | 1579 ||| Stepping ~*~*~tactically~*~*~ (hiding).
  1589 | D:3      | 1589 ||| Stepping ~*~*~tactically~*~*~ (stealth).
  1615 | D:3      | Reached XP level 5. HP: 31/32 MP: 5/5
  1623 | D:3      | 1623 ||| Stepping ~*~*~tactically~*~*~ (stealth).
  1625 | D:3      | 1625 ||| Stepping ~*~*~tactically~*~*~ (stealth).
  1650 | D:3      | Found Geughora's Armour Shop.
  1670 | D:3      | 1670 ||| BUYING +0 chain mail (49 gold).
  1670 | D:3      | Bought a +0 chain mail for 49 gold pieces
  1670 | D:3      | 1670 ||| BUYING +0 pair of gloves (49 gold).
  1670 | D:3      | Bought a +0 pair of gloves for 49 gold pieces
  1670 | D:3      | 1670 ||| SHOPLISTING +0 plate armour (253 gold, have 12).
  1670 | D:3      | 1670 ||| SHOPLISTING +2 plate armour of cold resistance
                  | (440 gold, have 12).
  1670 | D:3      | 1670 ||| SHOPLISTING +4 scale mail of cold resistance (341
                  | gold, have 12).
  1881 | D:3      | Found a shimmering blue altar of Sif Muna.
  2036 | D:3      | 2036 ||| DROPPING +0 scale mail.
  2037 | D:3      | 2037 ||| UPGRADING to +0 chain mail.
  2047 | D:3      | 2047 ||| UPGRADING to +0 pair of gloves.
  2052 | D:3      | 2052 ||| UPGRADING to amulet of guardian spirit.
  2057 | D:3      | 2057 ||| READING scroll labelled GEHIYF KUSEBI.
  2058 | D:3      | 2058 ||| READING scroll labelled MOUDOR YTEY.
  2059 | D:3      | 2059 ||| DRINKING 2 silvery potions.
  2060 | D:3      | 2060 ||| READING 3 scrolls of identify.
  2060 | D:3      | 2060 ||| IDENTIFYING golden potion
  2061 | D:3      | 2061 ||| READING 2 scrolls of identify.
  2061 | D:3      | 2061 ||| IDENTIFYING fuming dark potion
  2112 | D:4      | 2112 ||| Stepping ~*~*~tactically~*~*~ (stealth).
  2113 | D:4      | 2113 ||| Stepping ~*~*~tactically~*~*~ (stealth).
  2115 | D:4      | 2115 ||| Stepping ~*~*~tactically~*~*~ (stealth).
  2117 | D:4      | 2117 ||| Stepping ~*~*~tactically~*~*~ (stealth).
  2121 | D:4      | Reached skill level 5 in Axes
  2207 | D:4      | 2207 ||| Stepping ~*~*~tactically~*~*~ (stealth).
  2305 | D:4      | 2305 ||| Stepping ~*~*~tactically~*~*~ (hiding).
  2314 | D:4      | HP: 6/33 [gnoll/+0 flail (4)]
  2315 | D:4      | 2315 ||| DRINKING potion of heal wounds.
  2428 | D:4      | 2428 ||| DROPPING +0 mace.
  2452 | D:4      | Reached XP level 6. HP: 37/38 MP: 4/6
  2626 | D:4      | Found Uqeshro's Serpentskin Sales.
  2626 | D:4      | Noticed a water moccasin
  2639 | D:4      | Killed a water moccasin
  2640 | D:4      | Reached skill level 6 in Axes
  2739 | D:4      | 2739 ||| READING scroll labelled COESO OQOBB.
  2740 | D:4      | 2740 ||| DRINKING 2 metallic cyan potions.
  2741 | D:4      | 2741 ||| READING 3 scrolls of identify.
  2741 | D:4      | 2741 ||| IDENTIFYING bubbling brown potion
  2742 | D:4      | 2742 ||| READING 2 scrolls of identify.
  2742 | D:4      | 2742 ||| IDENTIFYING green potion
  2743 | D:4      | 2743 ||| DROPPING potion of degeneration.
  2752 | D:5      | Entered Level 5 of the Dungeon
  2827 | D:5      | Reached XP level 7. HP: 42/43 MP: 7/7
  2923 | D:5      | 2923 ||| Stepping ~*~*~tactically~*~*~ (stealth).
  2924 | D:5      | 2924 ||| Stepping ~*~*~tactically~*~*~ (stealth).
  3140 | D:5      | Reached skill level 7 in Axes
  3185 | D:5      | 3185 ||| DROPPING orb of mayhem.
  3186 | D:5      | 3186 ||| UPGRADING to ring of protection from cold.
  3187 | D:5      | 3187 ||| READING 2 scrolls labelled GURIELLIAJ.
  3188 | D:5      | 3188 ||| DROPPING scroll of blinking.
  3213 | D:6      | Found a stormy altar of Qazlal.
  3215 | D:6      | Found an opulent altar of Gozag.
  3230 | D:6      | HP: 5/44 [gnoll/+0 halberd (7)]
  3232 | D:6      | HP: 1/44 [gnoll/+0 spear (3)]
  3232 | D:6      | Slain by a gnoll

Levels and vault maps discovered:
D:1:      dpeg_arrival_water_temple_mockup, layout_rooms
D:2:      layout_loops_ring, basic_altar, chequers_serial_rivers_marsh,
          serial_bayou_pond_a
D:3:      layout_basic, general_overflow_altar, serial_shops, shop
D:4:      layout_cave_pools, guppyfry_shop_venom
D:5:      layout_cave_pools
D:6:      layout_basic, mainiacjoe_overflow_large_starburst,
          minmay_temple_entry_gardened_gates, hex_tiny, uniq_grinder

Skill      XL: |  1  2  3  4  5  6  7 |
---------------+----------------------+-----
Axes           | 2 3 4 5 6 7 |  7.0
Fighting       | 4 |  4.4
Armour         | |  3.2
Shields        | |  3.2

Action                   |  1- 3 |  4- 6 |  7- 9 || total
-------------------------+-------+-------+-------++-------
Melee: War axe           |    99 |   134 |    22 ||   255
Throw: Boomerang         |       |     5 |     4 ||     9
  Use: Scroll            |     3 |     8 |     1 ||    12
       Potion            |       |     3 |       ||     3
Armor: Scale mail        |    61 |       |       ||    61
       Ring mail         |       |    31 |       ||    31
       Chain mail        |       |    56 |    17 ||    73
Dodge: Dodged            |    59 |    59 |    15 ||   133
Block: Buckler           |    25 |    29 |     2 ||    56

Table legend:
 A = Non-vault XP
 B = Vault XP
 C = Vault XP percentage of total XP
 D = Non-vault monster count
 E = Vault monster count
 F = Vault count percentage of total count
                 A         B        C        D         E       F
            +---------+---------+-------+---------+---------+-------
      Total |     744 |     153 |  17.1 |      87 |       1 |   1.1
            +---------+---------+-------+---------+---------+-------
        D:1 |      45 |       0 |   0.0 |      28 |       0 |   0.0
        D:2 |      66 |       0 |   0.0 |      17 |       0 |   0.0
        D:3 |     107 |       0 |   0.0 |      15 |       0 |   0.0
        D:4 |     174 |     153 |  46.8 |      16 |       1 |   5.9
        D:5 |     295 |       0 |   0.0 |       9 |       0 |   0.0
        D:6 |      57 |       0 |   0.0 |       2 |       0 |   0.0
            +---------+---------+-------+---------+---------+-------
